 Dungeon Crawl Stone Soup version 0.32-a0-558-g233958a4c4 (webtiles) character file.

Game seed: 1196249384619400369

327 rsvaco the Trooper (level 6, -1/56 HPs)
             Began as a Minotaur Berserker on Jan 17, 2024.
             Was a Believer of Trog.
             Killed by divine providence
             ... invoked by an orc priest
              (15 damage)
             ... on level 4 of the Dungeon on Feb 29, 2024.
             The game lasted 00:10:59 (3058 turns).

rsvaco the Trooper (Minotaur Berserker)             Turns: 3058, Time: 00:11:00

Health: -1/56      AC:  4    Str: 23    XL:     6   Next: 24%
Magic:  5/5        EV: 12    Int:  4    God:    Trog [**....]
Gold:   154        SH:  0    Dex:  8    Spells: 5/5 levels left

rFire   . . .        d - +1 whip (venom) {aa}
rCold   . . .        (no shield)
rNeg    . . .        b - +1 animal skin
rPois   .            (helmet restricted)
rElec   +            (no cloak)
rCorr   .            (no gloves)
SInv    .            f - +0 pair of boots
Will    ++...        (no amulet)
Stlth   +            (no ring)
HPRegen 1.29/turn    (no ring)
MPRegen 0.09/turn

%: no passive effects
@: strong-willed, regenerating
A: horns 2, retaliatory headbutt, clumsy 1, electricity resistance
a: Renounce Religion, Berserk, Trog's Hand


You were on level 4 of the Dungeon.
You worshipped Trog.
Trog was pleased with you.
You visited 1 branch of the dungeon, and saw 4 of its levels.

You collected 154 gold pieces.

Inventory:

Hand Weapons
 a - a +0 spear
 c - a +0 sling
 d - a +1 whip of venom (weapon) {aa}
Armour
 b - a +1 animal skin (worn)
 f - a +0 pair of boots (worn)
 i - a +0 leather armour
Jewellery
 n - a ring of fire
Wands
 j - a wand of flame (14) (quivered)
Scrolls
 g - a scroll of fog {unknown}
 h - a scroll of poison {unknown}
 k - a scroll of teleportation
 l - a scroll of fear {unknown}
 m - 3 scrolls of identify
Potions
 e - a potion of resistance


   Skills:
 + Level 5.5 Fighting
 + Level 3.2 Maces & Flails
 + Level 5.2 Polearms
 + Level 2.7 Armour
 + Level 3.4 Dodging
 + Level 0.8 Stealth
 + Level 0.3 Evocations


You had 5 spell levels left.
You didn't know any spells.
Your spell library contained the following spells:

 Spells                   Type           Power      Damage    Failure   Level
 Ensorcelled Hibernation  Hex/Ice        0%         N/A       65%         2
 Passwall                 Erth           0%         N/A       86%         3
 Swiftness                Air            0%         N/A       86%         3
 Passage of Golubria      Tloc           0%         N/A       99%         4
 Silence                  Hex/Air        0%         N/A       100%        5
 Lehudib's Crystal Spear  Conj/Erth      0%         10d2      100%        8


Dungeon Overview and Level Annotations

Branches:
Dungeon (4/15)
 Temple: D:4-7

Altars:
Hepliaklqana
Uskayaw
Wu Jian


Innate Abilities, Weirdness & Mutations

You have a pair of horns on your head.
You reflexively headbutt those who attack you in melee.
You are clumsy. (Dex -2)
You are resistant to electric shocks. (rElec)


Message History

The orc priest shouts!
The sleepcap misses you. The orc hits you with a +0 flail.
The orc priest begins to cast a cantrip, but forgets the words!
An orc priest comes into view. It is wielding a +0 hand axe.
You hit the sleepcap. You headbutt the sleepcap.
You destroy the sleepcap!
Trog accepts your kill.
You hit the orc.
You kill the orc!
Trog accepts your kill.
The orc priest invokes the aid of Beogh against you.
Beogh smites you!
You hit the orc.
The orc is poisoned.
Your headbutt misses the orc.
The orc is heavily wounded.
The orc closely misses you.
The orc priest mumbles some strange prayers to Beogh against you.
Beogh smites you!
You are too injured to fight recklessly!
You are too injured to fight recklessly!
You closely miss the orc.
The orc is almost dead.
The orc hits you with a +0 whip.
You hit the orc.
You kill the orc!
Trog accepts your kill.
The orc priest calls down the wrath of Beogh upon you.
Pain shoots through your body!
The orc priest miscasts a cantrip.
The orc priest invokes the aid of Beogh against you.
Pain shoots through your body!
* * * LOW HITPOINT WARNING * * *
Your skin crawls.
You feel strong-willed.
You are too injured to fight recklessly!
You closely miss the orc priest. The orc priest misses you.
You hit the orc priest.
The orc priest is poisoned.
The orc priest is lightly wounded.
The orc priest mumbles some strange prayers to Beogh against you.
Beogh smites you!
You die...

..# #........#..#
... #.
##.#####....# #.
........##.# #.
#.#####.##.# #.
##.########.# ###.
...........### ...
.............#
#.####.##########.#
#oo@..<# #.#
#....####.#######
#.#
.?.....'..........#
#.#
###....####.#####.#
#.# #.... #.# #.#
#.# ...... #.# #.#
#.# ....... #.# #.#
#.# ♣...... ... #.#
#.# #.###.#.# #.#


You could see 2 orc priests.

Vanquished Creatures
  Grinder (D:4)
  A sleepcap (D:4)
  4 gnolls (D:3)
  2 adders
  3 dart slugs
  2 orcs (D:4)
  6 bats
  6 endoplasms
  2 giant cockroaches (D:2)
  5 goblins
  3 hobgoblins
  6 kobolds
  A quokka (D:1)
  6 ball pythons
  3 frilled lizards (D:3)
  2 rats (D:1)
53 creatures vanquished.

Notes
Turn   | Place    | Note
-------+----------+-------------------------------------------
     0 | D:1      | rsvaco the Minotaur Berserker began the quest for the Orb.
     0 | D:1      | Reached XP level 1. HP: 19/19 MP: 0/0
   204 | D:1      | Reached XP level 2. HP: 25/27 MP: 1/1
   212 | D:1      | Gained mutation: You are clumsy. (Dex -2) [potion of
                  | mutation]
   212 | D:1      | Gained mutation: You are resistant to electric shocks.
                  | (rElec) [potion of mutation]
   887 | D:2      | Found a hazy altar of Hepliaklqana.
   888 | D:2      | Upgraded the game from 0.32-a0-19-g28bc0835a1 to
                  | 0.32-a0-558-g233958a4c4
  1298 | D:2      | Reached XP level 3. HP: 34/34 MP: 2/2
  1438 | D:2      | Identified the +1 robe of Vehumet's Supremacy {Dex+2}
  1976 | D:3      | Found an ornate altar of the Wu Jian Council.
  2172 | D:3      | Reached ** piety under Trog
  2386 | D:3      | Reached XP level 4. HP: 23/41 MP: 3/3
  2389 | D:3      | Reached skill level 1 in Maces & Flails
  2789 | D:4      | Noticed Grinder
  2789 | D:4      | Paralysed by Grinder for 4 turns
  2796 | D:4      | Paralysed by Grinder for 5 turns
  2806 | D:4      | Paralysed by Grinder for 2 turns
  2809 | D:4      | Killed Grinder
  2810 | D:4      | Reached skill level 5 in Fighting
  2810 | D:4      | Reached skill level 5 in Polearms
  2810 | D:4      | Reached XP level 5. HP: 48/48 MP: 4/4
  2810 | D:4      | Reached XP level 6. HP: 56/56 MP: 5/5
  2880 | D:4      | Found a hide-covered altar of Uskayaw.
  2881 | D:4      | Noticed a +0 hand axe
  2882 | D:4      | Noticed a +0 dagger
  3058 | D:4      | Killed from afar by an orc priest

Illustrated notes

Levels and vault maps discovered:
D:1:      matt_arrival_grand_opening, layout_loops_ring, patterned_corridor
D:2:      layout_basic, basic_altar, grunt_decor_resistance,
          roderic_serpentine_path
D:3:      layout_basic, nzn_wu_jian_council_hall
D:4:      layout_basic, dancing_weapons_uskayaw, small_statue_intersection,
          chequers_garden, chequers_serial_rivers_small_a, cheibrodos_gnoll_hut,
          uniq_grinder

Skill      XL: |  1  2  3  4 |
---------------+-------------+-----
Polearms       | 4 5 |  5.2
Fighting       | 4 5 |  5.5
Maces & Flails | 3 |  3.2
Dodging        | 3 |  3.4
Armour         | |  2.7
Stealth        | |  0.8
Evocations     | |  0.3

Action                     |  1- 3 |  4- 6 || total
---------------------------+-------+-------++-------
  Melee: Spear             |    31 |       ||    31
         Punch             |     1 |       ||     1
         Whip              |    56 |    24 ||    80
         Headbutt          |     6 |     6 ||    12
 Invoke: Berserk           |     1 |     1 ||     2
         Trog's Hand       |     1 |     1 ||     2
  Evoke: Wand              |       |     5 ||     5
    Use: Scroll            |     5 |       ||     5
         Potion            |     3 |     1 ||     4
 Armour: Animal skin       |    60 |    15 ||    75
  Dodge: Dodged            |    43 |    14 ||    57

Table legend: (Time is in decaauts)
 A = Elapsed time spent in this place.
 B = Non-inter-level travel time spent in this place.
 C = Inter-level travel time spent in this place.
 D = Time resting spent in this place.
 E = Time spent auto-exploring this place.
 F = Levels seen in this place.
 G = Mean time per level.
                   A        B        C        D        E       F      G
               +--------+--------+--------+--------+--------+-----+--------+
         Total |   3080 |   3021 |     59 |      0 |   2536 |   4 |  770.0 |
       Dungeon |   3080 |   3021 |     59 |      0 |   2536 |   4 |  770.0 |
               +--------+--------+--------+--------+--------+-----+--------+

Top non-repeatable levels by time:
     D:2: 1083 daAuts
     D:1: 867 daAuts
     D:3: 798 daAuts
     D:4: 331 daAuts
